 Dungeon Crawl Stone Soup version 0.23-a0-61-g4bf3f6c (webtiles) character file.

22218 OgreWrestling the Grappler (level 12, -2/115 HPs)
             Began as an Ogre Transmuter on Aug 9, 2018.
             Was an Elder of Okawaru.
             Killed from afar by Azrael (37 damage)
             ... with a fireball
             ... on level 13 of the Dungeon.
             The game lasted 00:40:30 (17840 turns).

OgreWrestling the Grappler (Ogre Transmuter)       Turns: 17840, Time: 00:40:30

Health: -2/115     AC:  2    Str: 17    XL:     12   Next: 98%
Magic:  18/20      EV: 28    Int: 17    God:    Okawaru [****..]
Gold:   506        SH:  0    Dex: 17    Spells: 6/22 levels left

rFire    . . .     SeeInvis +     - Unarmed
rCold    . . .     Gourm    .   (shield currently unavailable)
rNeg     + . .     Faith    .   (armour currently unavailable)
rPois    x         Spirit   .   (helmet currently unavailable)
rElec    .         Reflect  .   (cloak currently unavailable)
rCorr    .         Harm     .   (gloves unavailable)
MR       +....                  (boots unavailable)
Stlth    ++........             r - amulet of the acrobat
HPRegen  0.29/turn              m - ring of see invisible
MPRegen  0.17/turn              B - ring of positive energy

@: spider-form (expiring)
A: tiny, unfitting armour, thin skeletal structure 1, blurry vision 1
a: End Transformation, Heroism, Renounce Religion


You were on level 13 of the Dungeon.
You worshipped Okawaru.
Okawaru was greatly pleased with you.
You were hungry.
You were a venomous arachnid creature.
You visited 2 branches of the dungeon, and saw 14 of its levels.
You also visited: Ice Cave.

You collected 741 gold pieces.
You spent 235 gold pieces at shops.

Inventory:

Missiles
 a - 335 arrows
 I - 12 large rocks (quivered)
Armour
 x - a +1 cloak (melded)
 L - +0 acid dragon scales (melded)
Jewellery
 m - a ring of see invisible (left front leg)
 r - an amulet of the acrobat (around neck)
 B - a ring of positive energy (right front leg)
Wands
 l - a wand of iceblast (7)
 p - a wand of digging (14)
 s - a wand of polymorph (16)
 y - a wand of random effects (29)
 G - a wand of acid (11)
 J - a wand of flame (33)
Scrolls
 b - 4 scrolls of identify
 f - 2 scrolls of teleportation
 h - 6 scrolls of remove curse
 j - 2 scrolls of brand weapon
 k - 3 scrolls of fear
 q - 3 scrolls of magic mapping
 u - a scroll of blinking {unknown}
 C - 3 scrolls of vulnerability {unknown}
 D - a scroll of enchant weapon
 E - 2 scrolls of enchant armour {unknown}
 F - a scroll of immolation {unknown}
 H - a scroll of fog {unknown}
Potions
 c - 4 potions of brilliance
 e - 3 potions of curing
 g - 2 potions of heal wounds
 i - 2 potions of lignification
 n - a potion of agility
 t - a potion of haste
 w - 2 potions of resistance {unknown}
 z - 5 potions of flight
 A - a potion of magic {unknown}
Comestibles
 d - 30 rations


   Skills:
 - Level 6.3 Fighting
 - Level 5.4 Armour
 - Level 9.1 Dodging
 - Level 1.0 Stealth
 * Level 12.7 Unarmed Combat
 - Level 5.6 Spellcasting
 - Level 5.1 Transmutations
 - Level 5.3 Ice Magic
 - Level 2.0 Poison Magic
 - Level 2.7 Invocations
 + Level 1.8 Evocations


You had 6 spell levels left.
You knew the following spells:

 Your Spells              Type           Power        Failure   Level  Hunger
a - Blade Hands           Tmut           ###.......   63%         5    ######.
b - Sticks to Snakes      Tmut           ###.....     10%         2    #......
c - Spider Form           Tmut/Pois      ###.......   24%         3    ##.....
d - Ice Form              Ice/Tmut       ###.....     34%         4    ####...
S - Swiftness             Chrm/Air       #.......     41%         2    #......

Your spell library contained the following spells:

 Spells                   Type           Power        Failure   Level  Hunger
 Cause Fear               Hex            #.........   91%         4    ####...
 Conjure Flame            Conj/Fire      #.......     58%         3    ##.....
 Lightning Bolt           Conj/Air       #.........   99%         5    ######.
 Freezing Cloud           Conj/Ice/Air   ##........   100%        6    #######
 Mephitic Cloud           Conj/Pois/Air  #.......     52%         3    ##.....
 Ring of Flames           Chrm/Fire      #.........   100%        7    #######
 Shock                    Conj/Air       #...         30%         1    None
 Deflect Missiles         Chrm/Air       #.........   100%        6    #######
 Airstrike                Air            #.........   91%         4    ####...
 Silence                  Hex/Air        #.........   99%         5    ######.
 Static Discharge         Conj/Air       #.......     58%         3    ##.....
 Beastly Appendage        Tmut           ###...       7%          1    None
 Discord                  Hex            #.........   100%        8    #######
 Yara's Violent Unravell  Hex/Tmut       ##........   91%         5    ######.
 Poisonous Vapours        Pois/Air       #.....       30%         2    #......


Dungeon Overview and Level Annotations

Branches:
Dungeon (13/15)            Temple (1/1) D:5            Lair (0/6) D:11
    Orc (0/2) D:10
 Vaults: D:13-14

Altars:
Ashenzari
Cheibriados
Dithmenos
Elyvilon
Fedhas
Gozag
Hepliaklqana
Kikubaaqudgha
Makhleb
Nemelex Xobeh
Okawaru
Qazlal
Ru
Sif Muna
Trog
Uskayaw
Vehumet
Wu Jian
Xom
Yredelemnul
Zin
The Shining One

Shops:
D:4 *   D:7 %   D:8 *

Annotations:
D:11 2 transporters, Oddysee's ghost, journeyman DrBe
D:13 Azrael


Innate Abilities, Weirdness & Mutations

You are too large for most types of armour.
((You have tough skin. (AC +1)))
You have a somewhat thin skeletal structure. (Dex +2, Stealth)
Scrolls take you a little longer to read.
((You are resistant to electric shocks. (rElec)))


Message History

Azrael is moderately wounded.
The iceblast engulfs the hell hound.
The hell hound is frozen!
The hell hound is almost dead.
Evoke which item? (* to show all) (? for menu, Esc to quit)
Aiming: Iceblast
Press: ? - help, Shift-Dir - straight line, f/p - Azrael
Aim: Azrael, wielding a scimitar of flaming (moderately wounded)
The mass of ice explodes!
The iceblast engulfs the hell hound.
The hell hound is frozen!
You kill the hell hound!
Okawaru accepts your kill.
Evoke which item? (* to show all) (? for menu, Esc to quit)
Aiming: Iceblast
Press: ? - help, Shift-Dir - straight line, f/p - Azrael
Aim: Azrael, wielding a scimitar of flaming (moderately wounded)
The mass of ice explodes!
The iceblast engulfs Azrael.
Azrael is frozen!
Azrael is heavily wounded.
Azrael gestures at you.
The fireball explodes!
The fireball engulfs you!
You die...

............[...........####[###
....§....................[[...#
...§§...................#.....#
..((§...................#.....#
....§§..................#.....#
......§.§...............#.....###
....§.((................#........
#....§(.§..§............#........
##..........§R†.s......##........
##..............................
##..(...(..........#########... #
##oo§..........>>## #... #
##h5............# #... #
#ch..........#.# #... #
#§#.........##.# #...
######§############.# ####
.§§§§§)# #..


You could see Azrael.

Vanquished Creatures
  A hydra (D:9)
  3 centaur warriors (D:13)
  A two-headed ogre (D:9)
  An ugly thing (D:12)
  2 cyclopes
  Maurice (D:8)
  A gargoyle (D:12)
  An eye of devastation (shapeshifter) (D:12)
  3 komodo dragons
  A queen bee (D:10)
  3 polar bears (IceCv)
  3 trolls
  Prince Ribbit (D:9)
  A hornet (D:12)
  2 dream sheep
  Grinder (D:4)
  A hippogriff (D:10)
  A wyvern (D:13)
  2 wraiths
  15 yaks
  A fire elemental (D:13)
  A basilisk (D:11)
  4 vampire mosquitoes (D:13)
  Menkaure (D:6)
  3 acid dragons (D:12)
  5 hell hounds (D:13)
  A swamp drake (D:10)
  4 ice beasts
  4 sky beasts
  2 black bears
  4 ogres
  7 orc warriors
  4 phantoms
  2 wolves (IceCv)
  A hornet zombie (D:12)
  12 centaurs
  A crocodile (D:11)
  4 big kobolds
  13 bullfrogs
  4 scorpions
  A water moccasin skeleton (D:5)
  A wyvern skeleton (D:7)
  28 killer bees
  5 howler monkeys
  7 crimson imps
  A quasit (D:9)
  7 jellies
  6 orc priests
  6 hounds
  3 bullfrog skeletons
  11 orc wizards
  4 centaur skeletons
  4 iguanas
  Ijyb (D:3)
  9 worker ants
  Robin (D:1)
  2 howler monkey skeletons
  13 adders
  4 shadow imps
  An ooze (D:1)
  A worm (D:2)
  4 leopard geckos
  43 orcs
  7 bats
  6 giant cockroaches
  22 goblins
  3 hobgoblins (D:2)
  25 jackals
  2 quokkas
  6 frilled lizards
  A jackal skeleton (D:7)
  17 kobolds
  A leopard gecko zombie (D:7)
  A quokka skeleton (D:4)
  5 rats
382 creatures vanquished.

Vanquished Creatures (others)
  A quasit (D:13)
  A hound (D:13)
  An orc priest (D:10)
  2 orcs
  A plant (D:11)
6 creatures vanquished.

Grand Total: 388 creatures vanquished

Notes
Turn   | Place    | Note
-------+----------+-------------------------------------------
     0 | D:1      | OgreWrestling the Ogre Transmuter began the quest for the Orb.
     0 | D:1      | Reached XP level 1. HP: 19/19 MP: 3/3
   320 | D:1      | Reached XP level 2. HP: 27/29 MP: 3/5
   870 | D:1      | Reached XP level 3. HP: 35/37 MP: 3/6
   874 | D:1      | Learned a level 2 spell: Sticks to Snakes
   878 | D:1      | Learned a level 3 spell: Spider Form
  1306 | D:2      | Reached skill level 1 in Poison Magic
  1545 | D:2      | Noticed Robin
  1556 | D:2      | Reached XP level 4. HP: 42/45 MP: 2/7
  1770 | D:1      | Reached skill level 3 in Unarmed Combat
  1776 | D:1      | Killed Robin
  2371 | D:2      | Reached XP level 5. HP: 53/53 MP: 1/8
  2825 | D:3      | Reached skill level 4 in Unarmed Combat
  3093 | D:3      | Noticed Grinder
  3438 | D:4      | Noticed an ogre
  3446 | D:4      | Killed an ogre
  3446 | D:4      | Reached XP level 6. HP: 61/61 MP: 6/9
  3471 | D:4      | Noticed a sky beast
  3485 | D:4      | Killed a sky beast
  3626 | D:4      | Reached skill level 5 in Unarmed Combat
  3786 | D:4      | Found Ehiamof's Assorted Antiques.
  3796 | D:4      | Bought a scroll labeled NOBU YRATOGIGI for 31 gold pieces
  3796 | D:4      | Bought a pink potion for 27 gold pieces
  3796 | D:4      | Bought a scroll labeled SYHUEF OWAT for 31 gold pieces
  3796 | D:4      | Bought a scroll of identify for 62 gold pieces
  3926 | D:4      | Reached XP level 7. HP: 57/67 MP: 6/10
  4034 | D:4      | Found a radiant altar of Vehumet.
  4545 | D:3      | Found a stormy altar of Qazlal.
  4547 | D:3      | Noticed a fire elemental
  4548 | D:3      | Noticed a water elemental
  4548 | D:3      | Noticed an air elemental
  4911 | D:3      | Found a deep blue altar of Sif Muna.
  5074 | D:3      | Noticed Ijyb
  5084 | D:3      | Killed Ijyb
  5273 | D:4      | Killed Grinder
  5355 | D:5      | Entered Level 5 of the Dungeon
  5416 | D:5      | Reached skill level 6 in Unarmed Combat
  5416 | D:5      | Reached XP level 8. HP: 61/75 MP: 10/12
  5435 | D:5      | Found a staircase to the Ecumenical Temple.
  5719 | Temple   | Entered the Ecumenical Temple
  6255 | D:5      | Reached skill level 7 in Unarmed Combat
  6640 | D:5      | Found a bloodstained altar of Trog.
  6934 | D:6      | Learned a level 4 spell: Ice Form
  7050 | D:6      | Reached skill level 1 in Ice Magic
  7151 | D:6      | Noticed Menkaure
  7344 | D:6      | Killed Menkaure
  8169 | D:7      | Reached XP level 9. HP: 74/83 MP: 9/15
  8283 | D:7      | Found a white marble altar of Elyvilon.
  8362 | D:7      | Reached skill level 5 in Spellcasting
  8531 | D:7      | Found Ikesch's Food Emporium.
  8958 | D:7      | Found a shadowy altar of Dithmenos.
  8983 | D:8      | Reached skill level 5 in Ice Magic
  9115 | D:8      | Reached skill level 5 in Transmutations
  9631 | D:8      | Found Quza's Assorted Antiques.
  9640 | D:8      | Bought a scroll labeled GOYMAC VALOBB for 28 gold pieces
  9640 | D:8      | Bought a scroll labeled GOYMAC VALOBB for 28 gold pieces
  9640 | D:8      | Bought a scroll labeled XUUMAJAUKA for 28 gold pieces
  9937 | D:8      | Reached skill level 8 in Unarmed Combat
 10102 | D:8      | Reached XP level 10. HP: 91/91 MP: 15/18
 10120 | D:8      | Found a burning altar of Makhleb.
 10120 | D:8      | Noticed a cacodemon
 10168 | D:8      | Noticed Maurice
 10185 | D:8      | Killed Maurice
 10185 | D:8      | Reached skill level 9 in Unarmed Combat
 10402 | D:9      | Noticed Prince Ribbit
 10409 | D:9      | Killed Prince Ribbit
 10433 | D:9      | Found a sacrificial altar of Ru.
 10435 | D:9      | Found a hide-covered altar of Uskayaw.
 10594 | D:9      | Reached skill level 5 in Dodging
 10617 | D:9      | Noticed a two-headed ogre
 10625 | D:9      | Killed a two-headed ogre
 11238 | D:9      | Noticed a three-headed hydra
 11243 | D:9      | Killed a three-headed hydra
 11243 | D:9      | Reached XP level 11. HP: 76/97 MP: 10/19
 11605 | D:9      | Found an iron altar of Okawaru.
 11906 | D:10     | Entered Level 10 of the Dungeon
 12192 | D:10     | Reached skill level 1 in Armour
 12262 | D:9      | Became a worshipper of Warmaster Okawaru
 12507 | D:9      | Reached * piety under Okawaru
 12889 | D:10     | Found a staircase to the Orcish Mines.
 12903 | D:10     | Reached skill level 5 in Fighting
 13020 | D:10     | Reached skill level 1 in Invocations
 13721 | D:11     | Found a staircase to the Lair.
 13742 | D:11     | Reached ** piety under Okawaru
 13803 | D:11     | Noticed a two-headed ogre
 13803 | D:11     | Noticed Oddysee's ghost (journeyman DrBe)
 13805 | D:11     | Noticed a two-headed ogre
 13848 | D:11     | Found a transporter.
 13852 | D:11     | Found a transporter.
 13935 | D:11     | Found a frozen archway.
 13945 | IceCv    | Entered an ice cave
 14043 | IceCv    | Reached skill level 10 in Unarmed Combat
 14788 | D:12     | Learned a level 2 spell: Swiftness
 14794 | D:12     | Learned a level 5 spell: Blade Hands
 14807 | D:12     | Reached *** piety under Okawaru
 14829 | D:12     | Reached XP level 12. HP: 115/115 MP: 20/20
 14959 | D:12     | Reached skill level 11 in Unarmed Combat
 15689 | D:12     | Reached **** piety under Okawaru
 15689 | D:12     | Reached skill level 1 in Stealth
 15907 | D:12     | Paralysed by a hornet for 3 turns
 16274 | D:13     | Noticed a centaur warrior
 16290 | D:13     | Killed a centaur warrior
 16368 | D:13     | Noticed a centaur warrior
 16392 | D:13     | Killed a centaur warrior
 16392 | D:13     | Reached skill level 12 in Unarmed Combat
 16394 | D:13     | Reached skill level 5 in Armour
 16768 | D:13     | Noticed Azrael
 16993 | D:13     | Noticed a centaur warrior
 17004 | D:13     | Killed a centaur warrior
 17285 | D:13     | Reached skill level 1 in Evocations
 17358 | D:13     | Gained mutation: You are clumsy. (Dex -2) [a shining eye]
 17363 | D:13     | Gained mutation: You are frail. (-10% HP) [a shining eye]
 17564 | D:12     | Lost mutation: You are frail. (-10% HP) [potion of mutation]
 17564 | D:12     | Lost mutation: You are clumsy. (Dex -2) [potion of mutation]
 17564 | D:12     | Gained mutation: You have a somewhat thin skeletal structure. (Dex +2, Stealth) [potion of mutation]
 17564 | D:12     | Gained mutation: Scrolls take you a little longer to read. [potion of mutation]
 17564 | D:12     | Gained mutation: You are resistant to electric shocks. (rElec) [potion of mutation]
 17840 | D:13     | Killed from afar by Azrael

Vault maps used:
D:1:      minmay_arrival_hallway, serial_bayou_ford_a
D:2:      uniq_robin
D:3:      kennysheep_goblin_castle, lemuel_round_altar,
          nicolae_qazlal_style_of_elements, uniq_grinder
D:4:      nicolae_overflow_crystal_walls, serial_shops, shop,
          kennysheep_decorative_pillar
D:5:      bloody_trog, minmay_temple_entry_junction_2, first_ration,
          grunt_tough_drop
D:6:      uniq_menkaure
D:7:      old_standard_altar, kennysheep_little_box, serial_shops,
          kennysheep_mini
D:8:      makhleb_altar_promises_db, serial_shops, shop, uniq_maurice
D:9:      lemuel_crystal_altar, chequers_temple_overflow_statue_of_worship,
          hangedman_ranch, uniq_prince_ribbit1
D:10:     erik_orc_1, special_room
D:11:     david_lair_shrubbed, portal_ice_cave_entry_pillars_1,
          gammafunk_ghost_smash, st_stairs_7
D:12:     grunt_ministairs_4, small_statue_intersection
D:13:     minmay_strange_pillars, uniq_azrael
Temple:   nicolae_temple_figure_eight
IceCv:    ice_cave_small_giant

Skill      XL: |  1  2  3  4  5  6  7  8  9 10 11 12 |
---------------+-------------------------------------+-----
Fighting       | 2 3 6 |  6.3
Poison Magic   | 1 2 |  2.0
Unarmed Combat | 3 4 5 6 7 8 9 10 12 | 12.7
Dodging        | 3 8 9 |  9.1
Transmutations | 3 4 5 |  5.1
Spellcasting   | 3 4 5 |  5.6
Ice Magic      | 3 5 |  5.3
Armour         | 3 5 |  5.4
Invocations    | 2 |  2.7
Stealth        | 1 |  1.0
Evocations     | 1 |  1.8

Action                   |  1- 3 |  4- 6 |  7- 9 | 10-12 || total
-------------------------+-------+-------+-------+-------++-------
Melee: Unarmed           |   121 |    95 |   391 |   593 ||  1200
       Kick              |     2 |       |       |       ||     2
       Headbutt          |     3 |       |       |       ||     3
       Punch             |       |       |     1 |     3 ||     4
 Cast: Beastly Appendage |    15 |       |       |       ||    15
       Spider Form       |     8 |    17 |    51 |    26 ||   102
       Sticks to Snakes  |     2 |     5 |     8 |     6 ||    21
       Ice Form          |       |       |     3 |    40 ||    43
Invok: Heroism           |       |       |       |    15 ||    15
 Abil: End Transformatio |       |       |       |     6 ||     6
Evoke: Wand              |       |       |       |     7 ||     7
  Use: Scroll            |       |     8 |     3 |     5 ||    16
       Potion            |       |     1 |       |     3 ||     4
 Stab: Distracted        |       |       |     1 |       ||     1
       Sleeping          |       |       |     2 |     1 ||     3
  Eat: Chunk             |     3 |    11 |    19 |    18 ||    51
       Ration            |       |       |     2 |     5 ||     7
Armor: Robe              |    59 |     8 |     8 |     1 ||    76
       Skin              |     2 |     6 |    21 |    58 ||    87
       Acid dragon scale |       |       |       |    16 ||    16
       Troll leather arm |       |       |       |     2 ||     2
Dodge: Dodged            |    80 |   101 |   330 |   545 ||  1056

Table legend:
 A = Non-vault XP
 B = Vault XP
 C = Vault XP percentage of total XP
 D = Non-vault monster count
 E = Vault monster count
 F = Vault count percentage of total count
 G = Total turns spent on level
                 A         B        C        D         E       F
            +---------+---------+-------+---------+---------+-------
      Total |   22587 |    9153 |  28.8 |     289 |      94 |  24.5
            +---------+---------+-------+---------+---------+-------
        D:1 |      51 |      15 |  22.7 |      21 |       1 |   4.5
        D:2 |     106 |      19 |  15.2 |      22 |      11 |  33.3
        D:3 |      21 |      54 |  72.0 |       7 |      12 |  63.2
        D:4 |     553 |     247 |  30.9 |      22 |       1 |   4.3
        D:5 |     464 |       2 |   0.4 |      20 |       1 |   4.8
        D:6 |     443 |     175 |  28.3 |      16 |       1 |   5.9
        D:7 |    1312 |       0 |   0.0 |      29 |       0 |   0.0
        D:8 |    1233 |    1053 |  46.1 |      24 |       4 |  14.3
        D:9 |    2328 |    1934 |  45.4 |      24 |       6 |  20.0
       D:10 |    2609 |    2199 |  45.7 |      22 |      39 |  63.9
       D:11 |    1224 |     607 |  33.2 |      16 |       3 |  15.8
       D:12 |    4853 |     618 |  11.3 |      29 |       3 |   9.4
       D:13 |    7390 |     917 |  11.0 |      37 |       6 |  14.0
      IceCv |       0 |    1313 | 100.0 |       0 |       6 | 100.0
            +---------+---------+-------+---------+---------+-------
